 Dungeon Crawl Stone Soup version 0.30-a0-782-ge64f9170bb (webtiles) character file.

Game seed: 1446431910886409982

127843 TryHard88 the Slayer (level 16, -7/168 HPs)
             Began as a Minotaur Berserker on Mar 1, 2023.
             Was the Champion of Trog.
             Mangled by a fenstrider witch (10 damage)
             ... while paralysed by a fenstrider witch
             ... on level 3 of the Swamp.
             The game lasted 01:16:04 (27143 turns).

TryHard88 the Slayer (Minotaur Berserker)          Turns: 27143, Time: 01:16:04

Health: -7/168     AC: 34    Str: 30    XL:     16   Next: 47%
Magic:  15/15      EV:  2    Int:  4    God:    Trog [******]
Gold:   2291       SH:  0    Dex:  8    Spells: 15/15 levels left

rFire   . . .      SeeInvis .    u - +3 broad axe (spect)
rCold   . . .      Faith    +    h - +0 kite shield
rNeg    . . .      Spirit   .    I - +3 plate armour
rPois   +          Reflect  .    (helmet restricted)
rElec   .          Harm     .    M - +2 cloak
rCorr   .          Rampage  .    U - +2 pair of gloves
Will    +....      Clarity  +    N - +0 pair of boots {Fly} Stlth
                                 K - amulet of faith
HPRegen 0.48/turn                P - +4 ring of protection
MPRegen 0.14/turn                q - ring of poison resistance

@: paralysed, lethally poisoned (-7 -> -10), flying, studying 2 skills
A: horns 2, retaliatory headbutt, fangs 1, clarity, clumsy 1, sense surroundings
1
a: Renounce Religion, Berserk, Trog's Hand, Brothers in Arms


You were on level 3 of the Swamp.
You worshipped Trog.
Trog was exalted by your worship.
You visited 6 branches of the dungeon, and saw 25 of its levels.
You also visited: Ossuary and Ice Cave.

You collected 2770 gold pieces.
You spent 479 gold pieces at shops.

Inventory:

Hand Weapons
 a - a -1 demon whip of venom
 o - a +4 broad axe of flaming
 u - a +3 spectral broad axe (weapon)
 Q - a +1 heavy broad axe
 Z - the +3 executioner's axe "Leuleb" {heavy, Will+}
   (Trog gifted it to you on level 2 of the Lair of Beasts)

   Will:      It increases your willpower.
Missiles
 J - 4 throwing nets (quivered)
Armour
 h - a +0 kite shield (worn)
 I - a +3 plate armour (worn)
 M - a +2 cloak (worn)
 N - a +0 pair of boots of flying (worn)
 U - a +2 pair of gloves (worn)
Jewellery
 f - a ring of see invisible
 g - the ring "Yhyitu" {Ice Will++ Int-5}
   (You found it in an ice cave)

   [ring of ice]

   It enhances your ice magic.
   Int:       It affects your intelligence (-5).
   rF:        It makes you vulnerable to fire.
   rC:        It protects you from cold.
   Will:      It greatly increases your willpower.
 l - a +6 ring of dexterity
 q - a ring of poison resistance (right hand)
 y - a ring of flight
 K - an amulet of faith (around neck)
 L - the amulet "Otytyob" {Regen+ Stlth+}
   (You found it on level 2 of the Orcish Mines)

   [amulet of regeneration]

   Regen:     It increases your rate of health regeneration.
   Stlth:     It makes you more stealthy.
 P - a +4 ring of protection (left hand)
Wands
 b - a wand of flame (27)
 m - a wand of digging (6)
 C - a wand of iceblast (24)
 H - a wand of light (16)
 O - a wand of charming (17)
Scrolls
 i - 5 scrolls of brand weapon
 j - 6 scrolls of immolation
 k - 10 scrolls of teleportation
 n - 2 scrolls of torment
 r - 6 scrolls of butterflies
 s - 5 scrolls of enchant armour
 v - a scroll of silence
 x - 8 scrolls of fear
 B - a scroll of acquirement {unknown}
 E - 2 scrolls of poison
 F - 7 scrolls of fog
 G - 2 scrolls of blinking {unknown}
 S - a scroll of vulnerability
 W - a scroll of magic mapping {unknown}
 X - 2 scrolls of noise {unknown}
Potions
 d - a potion of attraction
 e - 3 potions of magic
 p - 3 potions of heal wounds
 t - 4 potions of lignification
 w - 10 potions of curing
 z - 2 potions of might {unknown}
 A - 7 potions of cancellation
 T - 4 potions of haste
 V - 2 potions of invisibility {unknown}
 Y - 3 potions of resistance
Miscellaneous
 c - a phial of floods
 D - a condenser vane
 R - a phial of floods


   Skills:
 * Level 21.6 Fighting
 - Level 18.0 Axes
 + Level 17.0 Armour
 + Level 12.4 Dodging
 - Level 13.6 Shields


You had 15 spell levels left.
You didn't know any spells.
Your spell library was empty.

Dungeon Overview and Level Annotations

Branches:
Dungeon (13/15)            Temple (0/1) D:7            Lair (5/5) D:9
  Swamp (3/4) Lair:3        Snake (1/4) Lair:2        Slime (0/5) Lair:5
    Orc (2/2) D:9             Elf (1/3) Orc:2       Ossuary (visited)
  IceCv (visited)
 Vaults: D:13-14

Altars:
Ashenzari
Dithmenos
Fedhas
Gozag
Nemelex Xobeh
Ru
Vehumet
Wu Jian
Jiyva

Shops:
D:6 (   Orc:2 :[(*   Snake:1 *

Annotations:
D:8 2 transporters, wamuu's ghost, novice OpTm
D:12 3 runed translucent doors, jovan2203's ghost, journeyman AtFi
Snake:1 1 transporter


Innate Abilities, Weirdness & Mutations

You have a pair of horns on your head.
You reflexively headbutt those who attack you in melee.
You have very sharp teeth.
You possess an exceptional clarity of mind.
You are clumsy. (Dex -2)
You passively map a small area around you.


Message History

The fenstrider witch hits you. The fenstrider witch kicks you.
You slash the fenstrider witch!
Your headbutt misses the fenstrider witch.
The fenstrider witch is moderately wounded.
You hit the bunyip.
Your +3 spectral broad axe hits the bunyip!
Your +3 spectral broad axe hits the fenstrider witch!
The fenstrider witch hits your +3 spectral broad axe!
Your spectral weapon shares its damage with you!
The fenstrider witch kicks your +3 spectral broad axe.
Your spectral weapon shares its damage with you!
You slice the fenstrider witch!!
The fenstrider witch is almost dead.
You hit the bunyip.
Your +3 spectral broad axe hits the bunyip!
Your +3 spectral broad axe misses the fenstrider witch.
The bunyip howls a warning cry!
The fenstrider witch points at you and mumbles some strange words.
You suddenly lose the ability to move!
The bunyip claws you!! The bunyip claws you! The bunyip barely misses you.
The fenstrider witch hits you! The fenstrider witch kicks you!
The fenstrider witch casts a spell at you.
Your body is wracked with pain!
The fenstrider witch points at you and mumbles some strange words.
The toxic sludge hits you.
You are poisoned.
You partially resist.
* * * LOW HITPOINT WARNING * * *
A ghost crab comes into view.
You feel sick.
The fenstrider witch points at you and mumbles some strange words.
Your body is wracked with pain!
* * * LOW HITPOINT WARNING * * *
The bunyip claws you!!
* * * LOW HITPOINT WARNING * * *
The bunyip barely misses you.
The bunyip claws you but does no damage.
The fenstrider witch hits you but does no damage.
The fenstrider witch kicks you!
You die...

* ~~ ~ ♣♣ ~~~ , , * ~.
[§~ * * ~ , * ♣~♣♣.~ *
* ~ **♣♣♣♣♣~..~ ,
,.t.♣.~~♣ * ~ ~ *
#.~§.~ , ,#..Hx♣♣♣♣♣ ~
~ :..#..~@.~~.♣ , ~
....~§§~..~.♣ ~ ,
####.~~~...~♣* , ~ ~ ,
,~ ,,♣♣♣♣♣~~~.♣ , ,
♣♣.~.♣* , , ♣♣* ♣..♣♣
* ** ♣§~~ ,..~~♣♣
♣♣..♣♣♣♣.~~♣ ** ♣♣.~~~
####.~~.♣♣~~~§...§♣♣♣♣
♣§.~~~
~....~~~...~~~.~~~♣♣♣♣
♣.~~~~


You could see a bunyip, a fenstrider witch and a ghost crab.

Vanquished Creatures
  Frances (D:12)
  2 azure jellies (IceCv)
  A stone giant (Orc:2)
  2 quicksilver oozes (IceCv)
  The ghost of Errthou the Executioner, a journeyman HOFi of Beogh (Orc:2)
  An eleionoma (Swamp:1)
  3 bunyips
  2 dire elephants (Lair:5)
  A deep elf death mage (Elf:1)
  3 ettins (Orc:2)
  Harold (D:9)
  2 ghost crabs
  8 hydras
  2 centaur warriors
  A catoblepas (Lair:3)
  An anaconda (Snake:1)
  Erica (Lair:1)
  4 alligators (Swamp:3)
  4 naga warriors (Snake:1)
  2 boulder beetles
  3 dancing weapons (Elf:1)
  2 two-headed ogres
  3 shock serpents (Snake:1)
  6 deep elf knights
  Amaemon (Lair:1)
  Lodul (D:11)
  A spectral anaconda (Lair:5)
  2 goliath frogs
  A skyshark (Lair:5)
  3 bog bodies
  A swamp dragon (Swamp:1)
  2 spriggan druids
  3 naga ritualists (Snake:1)
  A deep elf archer (Elf:1)
  An obsidian statue (Lair:5)
  Pikel (D:5)
  7 mana vipers (Snake:1)
  8 deep elf zephyrmancers
  An orc knight (Orc:1)
  7 deep elf pyromancers
  5 necromancers
  2 oklob plants (Lair:3)
  An orc sorcerer (Orc:1)
  5 ugly things (D:12)
  A moth of wrath (Orc:2)
  A manticore (D:12)
  22 elephants
  12 cyclopes
  2 naga magi (Snake:1)
  3 torpor snails
  A dire elephant zombie (Lair:5)
  14 black mambas
  An ice statue (IceCv)
  An orange demon (Lair:1)
  12 cane toads
  An unseen horror (D:11)
  4 rime drakes
  11 komodo dragons
  A bloated husk (Swamp:1)
  9 tyrant leeches
  2 polar bears
  6 trolls
  17 blink frogs
  6 hornets
  An air elemental (Elf:1)
  15 slime creatures
  2 shadows
  6 spriggans
  82 yaks
  5 wraiths
  A fire elemental (Elf:1)
  A steam dragon (D:6)
  5 basilisks
  6 death yak simulacra (Lair:5)
  3 vampire mosquitoes (Swamp:3)
  7 wargs (Orc:2)
  9 swamp worms
  A large abomination (Elf:1)
  3 spectral cane toads (Lair:5)
  An acid dragon (D:10)
  A naga (Snake:1)
  10 water moccasins
  17 orc warriors
  2 black bears
  A sky beast (D:8)
  3 great orb of eyes simulacra (IceCv)
  A swamp drake (Swamp:1)
  3 elephant zombies (Lair:5)
  13 ogres
  11 wolves (Lair:1)
  4 slime creature simulacra (IceCv)
  3 centaurs
  2 elephant skeletons (Lair:5)
  2 phantoms (D:5)
  3 kobold brigands
  18 bullfrogs
  6 elf zombies
  2 glowing shapeshifter simulacra (IceCv)
  3 cane toad simulacra (Lair:5)
  An earth elemental (Elf:1)
  2 scorpions
  6 necrophages (Lair:3)
  7 wights (D:7)
  An elephant simulacrum (Lair:5)
  5 killer bees (D:8)
  5 electric eels
  10 howler monkeys
  A human zombie (Ossuary)
  4 centaur zombies (Ossuary)
  3 jellies
  9 orc priests
  A hound (D:6)
  A gnoll bouda (D:7)
  17 orc wizards
  2 shapeshifter simulacra (IceCv)
  Natasha (thrice) (D:4)
  3 hound zombies (Ossuary)
  3 mummies (Ossuary)
  3 gnolls (D:7)
  3 adders
  17 white imps
  An ufetubus (D:6)
  An adder zombie (Ossuary)
  2 worms (D:2)
  56 orcs
  6 bats
  4 endoplasms
  A giant cockroach (D:1)
  14 goblins
  A goblin (shapeshifter) (D:12)
  8 hobgoblins
  22 kobolds
  5 quokkas
  8 ball pythons
  A gnoll zombie (Ossuary)
  5 goblin zombies (Ossuary)
  A hobgoblin zombie (Ossuary)
  4 jackal zombies (Ossuary)
  3 kobold zombies (Ossuary)
  2 orc zombies (Ossuary)
  4 quokka zombies (Ossuary)
  6 rats
  3 rat zombies (Ossuary)
756 creatures vanquished.

Vanquished Creatures (others)
  4 bloated husks
  An orc (D:9)
  24 fungi
  61 plants
  20 withered plants (Lair:5)
110 creatures vanquished.

Grand Total: 866 creatures vanquished

Notes
Turn   | Place    | Note
-------+----------+-------------------------------------------
     0 | D:1      | TryHard88 the Minotaur Berserker began the quest for the
                  | Orb.
     0 | D:1      | Reached XP level 1. HP: 19/19 MP: 0/0
   141 | D:1      | Reached XP level 2. HP: 26/26 MP: 1/1
   550 | D:1      | Reached ** piety under Trog
   949 | D:2      | Reached skill level 5 in Axes
  1005 | D:2      | Reached XP level 3. HP: 20/31 MP: 2/2
  1915 | D:3      | Noticed an ogre
  1917 | D:3      | Killed an ogre
  1918 | D:3      | Reached XP level 4. HP: 39/39 MP: 3/3
  1921 | D:3      | Reached XP level 5. HP: 45/45 MP: 4/4
  2403 | D:4      | Noticed Natasha
  2414 | D:4      | Killed Natasha
  2515 | D:4      | Noticed Natasha
  2517 | D:4      | Found a shadowy altar of Dithmenos.
  2522 | D:4      | Killed Natasha
  2525 | D:4      | Found a sacrificial altar of Ru.
  2578 | D:4      | Noticed a black bear
  2587 | D:4      | Killed a black bear
  2588 | D:4      | Reached XP level 6. HP: 45/51 MP: 5/5
  2711 | D:4      | Found a sparkling altar of Nemelex Xobeh.
  2753 | D:4      | Noticed Natasha
  2760 | D:4      | Killed Natasha
  3152 | D:5      | Entered Level 5 of the Dungeon
  3301 | D:5      | Noticed Pikel
  3315 | D:5      | Killed Pikel
  3316 | D:5      | Reached XP level 7. HP: 57/57 MP: 6/6
  3398 | D:5      | Reached XP level 8. HP: 54/64 MP: 7/7
  3403 | D:5      | Reached *** piety under Trog
  3449 | D:5      | Identified the +2 buckler of the Cockatrice {rN+ Will+
                  | Str+5 Int-2}
  3512 | D:5      | Found an opulent altar of Gozag.
  3623 | D:6      | Found Miw Aloc's Weapon Boutique.
  4396 | D:7      | Reached XP level 9. HP: 61/70 MP: 8/8
  4439 | D:7      | Found a staircase to the Ecumenical Temple.
  4810 | D:7      | Reached skill level 15 in Axes
  5110 | D:7      | Reached **** piety under Trog
  5873 | D:8      | Reached XP level 10. HP: 77/77 MP: 9/9
  5888 | D:8      | Found a sand-covered staircase.
  5896 | Ossuary  | Entered an ossuary
  6296 | D:8      | Found a transporter.
  6380 | D:8      | Reached ***** piety under Trog
  6571 | D:8      | Noticed wamuu's ghost (novice OpTm)
  6572 | D:8      | Found a transporter.
  6663 | D:9      | Reached skill level 4 in Fighting
  6672 | D:9      | HP: 2/78 [orc priest/divine providence (11)]
  6992 | D:8      | Noticed a two-headed ogre
  7000 | D:8      | Killed a two-headed ogre
  7168 | D:9      | Noticed a two-headed ogre
  7184 | D:9      | Killed a two-headed ogre
  7185 | D:9      | Reached skill level 5 in Fighting
  7559 | D:9      | Noticed Harold
  7572 | D:9      | Reached skill level 5 in Armour
  7578 | D:9      | Killed Harold
  7579 | D:9      | Reached skill level 6 in Fighting
  7579 | D:9      | Reached skill level 5 in Dodging
  7582 | D:9      | Reached XP level 11. HP: 89/89 MP: 10/10
  8011 | D:9      | Found a staircase to the Orcish Mines.
  8572 | D:9      | Found a staircase to the Lair.
  8698 | D:9      | You fall into a shaft and drop 1 floor!
  8698 | D:10     | Entered Level 10 of the Dungeon
  8768 | D:10     | Reached skill level 7 in Fighting
  9517 | D:10     | Reached skill level 8 in Fighting
  9740 | D:10     | Noticed a lindwurm
  9740 | D:10     | Noticed a lindwurm
  9821 | D:11     | Found Jucisop's Jewellery Shoppe.
  9899 | D:11     | Identified the +3 leather armour "Zovvet" {Str+7 Int-3}
 10135 | D:11     | Received a gift from Trog
 10371 | D:11     | Noticed Lodul
 10377 | D:11     | Killed Lodul
 10382 | D:11     | Reached skill level 9 in Fighting
 10605 | D:12     | Noticed a centaur warrior
 10612 | D:12     | Killed a centaur warrior
 10613 | D:12     | Reached XP level 12. HP: 106/106 MP: 11/11
 10746 | D:12     | Found a runed translucent gate.
 10746 | D:12     | Found a runed translucent gate.
 10746 | D:12     | Found a runed translucent gate.
 10765 | D:12     | Noticed a five-headed hydra
 10765 | D:12     | a five-headed hydra changed into a satyr
 10765 | D:12     | Noticed a satyr (glowing shapeshifter)
 10768 | D:12     | a satyr changed into an ettin
 10768 | D:12     | Noticed an ettin (glowing shapeshifter)
 10774 | D:12     | an ettin changed into an ice dragon
 10774 | D:12     | Noticed an ice dragon (glowing shapeshifter)
 10775 | D:12     | an ice dragon changed into a bunyip
 10775 | D:12     | Noticed a bunyip (glowing shapeshifter)
 10794 | D:12     | Noticed Frances
 10805 | D:12     | Killed Frances
 10806 | D:12     | Reached skill level 10 in Fighting
 10958 | D:12     | Noticed a boulder beetle
 10959 | D:12     | Reached skill level 10 in Armour
 10967 | D:12     | Killed a boulder beetle
 11451 | D:12     | Reached skill level 11 in Fighting
 11493 | D:12     | Found a runed translucent gate.
 11493 | D:12     | Found a runed translucent gate.
 11498 | D:12     | Found a runed translucent gate.
 11498 | D:12     | Noticed a tentacled monstrosity
 11498 | D:12     | Noticed a cacodemon
 11499 | D:12     | Noticed jovan2203's ghost (journeyman AtFi)
 11557 | D:12     | Gained mutation: Your natural rate of healing is unusually
                  | fast. [potion of mutation]
 11557 | D:12     | Gained mutation: Your movements are slightly less
                  | encumbered by armour. (ER -2) [potion of mutation]
 11557 | D:12     | Gained mutation: You are dopey. (Int -2) [potion of
                  | mutation]
 11558 | D:12     | Lost mutation: You are dopey. (Int -2) [potion of mutation]
 11558 | D:12     | Lost mutation: Your movements are slightly less encumbered
                  | by armour. (ER -2) [potion of mutation]
 11558 | D:12     | Gained mutation: Potions are less effective at restoring
                  | your health. [potion of mutation]
 11558 | D:12     | Gained mutation: You expend magic power (3 MP) to
                  | strengthen your wands. [potion of mutation]
 11559 | D:12     | Lost mutation: You expend magic power (3 MP) to strengthen
                  | your wands. [potion of mutation]
 11559 | D:12     | Lost mutation: Your natural rate of healing is unusually
                  | fast. [potion of mutation]
 11559 | D:12     | Lost mutation: Potions are less effective at restoring your
                  | health. [potion of mutation]
 11559 | D:12     | Gained mutation: You are clumsy. (Dex -2) [potion of
                  | mutation]
 11559 | D:12     | Gained mutation: Your spells are a little harder to cast,
                  | but a little more powerful. [potion of mutation]
 11560 | D:12     | Lost mutation: Your spells are a little harder to cast, but
                  | a little more powerful. [potion of mutation]
 11560 | D:12     | Lost mutation: You are clumsy. (Dex -2) [potion of
                  | mutation]
 11560 | D:12     | Gained mutation: You have very sharp teeth. [potion of
                  | mutation]
 11560 | D:12     | Gained mutation: You possess an exceptional clarity of
                  | mind. [potion of mutation]
 11560 | D:12     | Gained mutation: You are clumsy. (Dex -2) [potion of
                  | mutation]
 11560 | D:12     | Gained mutation: You passively map a small area around you.
                  | [potion of mutation]
 11580 | D:13     | Noticed a centaur warrior
 11583 | D:13     | Noticed a boulder beetle
 11588 | D:13     | Killed a centaur warrior
 11601 | D:13     | Killed a boulder beetle
 12171 | Lair:1   | Entered Level 1 of the Lair of Beasts
 12171 | Lair:1   | Noticed Erica
 12173 | Lair:1   | Killed Erica
 12284 | Lair:1   | Received a gift from Trog
 12286 | Lair:1   | Reached skill level 12 in Fighting
 12421 | Lair:1   | Reached skill level 1 in Shields
 12680 | Lair:1   | Noticed Amaemon
 12688 | Lair:1   | Killed Amaemon
 12799 | Lair:1   | Reached XP level 13. HP: 112/118 MP: 12/12
 12952 | Lair:1   | Identified the +1 leather armour "Xopinerph" {+Inv Int+8
                  | Stlth-}
 12964 | Lair:1   | Reached skill level 5 in Shields
 13691 | Lair:2   | Found a staircase to the Snake Pit.
 13853 | Lair:2   | Identified the +3 executioner's axe "Leuleb" {heavy, Will+}
                  | (Trog gifted it to you on level 2 of the Lair of Beasts)
 13853 | Lair:2   | Received a gift from Trog
 14651 | Lair:3   | Reached skill level 13 in Fighting
 14859 | Lair:3   | Found a staircase to the Swamp.
 15209 | Lair:3   | Reached skill level 10 in Dodging
 15817 | Lair:3   | Found a blossoming altar of Fedhas.
 16242 | Lair:4   | Found a frozen archway.
 16246 | Lair:4   | Reached XP level 14. HP: 130/130 MP: 13/13
 16281 | IceCv    | Entered an ice cave
 16291 | IceCv    | Reached ****** piety under Trog
 16354 | IceCv    | Noticed a quicksilver ooze
 16358 | IceCv    | Killed a quicksilver ooze
 16358 | IceCv    | Identified the +4 executioner's axe of Midsummer {heavy,
                  | Fly} (Trog gifted it to you in an ice cave)
 16358 | IceCv    | Received a gift from Trog
 16359 | IceCv    | Reached skill level 14 in Fighting
 16617 | IceCv    | Reached skill level 15 in Armour
 16669 | IceCv    | Noticed a quicksilver ooze
 16674 | IceCv    | Killed a quicksilver ooze
 16773 | IceCv    | Noticed an azure jelly
 16775 | IceCv    | Found a viscous altar of Jiyva.
 16775 | IceCv    | Noticed an azure jelly
 16778 | IceCv    | Killed an azure jelly
 16783 | IceCv    | Killed an azure jelly
 16828 | IceCv    | Identified the +4 ice dragon scales of Satisfaction
                  | {*Corrode rF- rC++ Will+++ Str+5}
 16942 | IceCv    | Got the ring "Yhyitu" {Ice Will++ Int-5}
 16946 | IceCv    | Lost intelligence.
 17370 | Lair:5   | Entered Level 5 of the Lair of Beasts
 17589 | Lair:5   | Reached skill level 15 in Fighting
 17922 | Lair:5   | Found a broken altar of Ashenzari.
 17936 | Lair:5   | Identified the +9 executioner's axe of Springtime {heavy,
                  | rC+ Will- Dex+8} (Trog gifted it to you on level 5 of the
                  | Lair of Beasts)
 17936 | Lair:5   | Received a gift from Trog
 18004 | Lair:5   | Found a viscous altar of Jiyva.
 18004 | Lair:5   | Found a staircase to the Slime Pits.
 18512 | Lair:5   | Reached skill level 10 in Shields
 18632 | Lair:5   | Reached XP level 15. HP: 138/143 MP: 14/14
 18635 | Lair:5   | Identified the +3 plate armour of Weajar {Harm}
 18784 | Lair:5   | Reached skill level 16 in Fighting
 19163 | Orc:1    | Entered Level 1 of the Orcish Mines
 19340 | Orc:1    | Received a gift from Trog
 19340 | Orc:1    | Found the +6 shillelagh "Devastator" {shatter}
 19534 | Orc:2    | Entered Level 2 of the Orcish Mines
 19611 | Orc:2    | Found Moreugg's Antique Weapon Boutique.
 19612 | Orc:2    | Found a staircase to the Elven Halls.
 20006 | Orc:2    | Found Oquadul's Book Emporium.
 20035 | Orc:2    | Found Jaluixt's Antique Armour Emporium.
 20151 | Orc:2    | Found Woown's General Store.
 20170 | Orc:2    | Reached skill level 17 in Fighting
 20314 | Orc:2    | Bought a potion of haste for 150 gold pieces
 20314 | Orc:2    | Bought a potion of curing for 45 gold pieces
 20421 | Orc:2    | Found a transporter.
 20442 | Orc:2    | Found a transporter.
 20476 | Orc:2    | Noticed Errthou's ghost (journeyman HOFi)
 20562 | Orc:2    | Bought a pair of embroidered boots for 202 gold pieces
 20613 | Orc:2    | Received a gift from Trog
 20617 | Orc:2    | Killed Errthou's ghost
 20677 | Orc:2    | Identified the amulet "Otytyob" {Regen+ Stlth+}
 20813 | Elf:1    | Entered Level 1 of the Elven Halls
 21861 | Elf:1    | Reached skill level 18 in Fighting
 21935 | Elf:1    | Identified the +3 scale mail "Paeno" {rElec Dex-5 Slay-3
                  | Stlth+}
 22216 | Elf:1    | Identified the +1 leather armour "Laucoz" {rPois rF+++
                  | Int-3 Dex-3}
 22859 | Snake:1  | Entered Level 1 of the Snake Pit
 23098 | Snake:1  | Reached skill level 19 in Fighting
 23172 | Snake:1  | Received a gift from Trog
 23480 | Snake:1  | Noticed a nagaraja
 23577 | Snake:1  | Found a radiant altar of Vehumet.
 23578 | Snake:1  | Found a transporter.
 23618 | Snake:1  | Reached XP level 16. HP: 68/162 MP: 2/15
 23632 | Snake:1  | Found Noukhyts's CLEARANCE SALE!.
 23640 | Snake:1  | Bought a +2 cloak for 82 gold pieces
 24417 | Snake:1  | Reached skill level 20 in Fighting
 24808 | Swamp:1  | Entered Level 1 of the Swamp
 25313 | Swamp:1  | You are sucked into a shaft and drop 1 floor!
 25844 | Swamp:2  | Reached skill level 21 in Fighting
 26478 | Swamp:1  | Found an ornate altar of the Wu Jian Council.
 26478 | Swamp:1  | Identified the +2 ring mail of Hid Awna {rN++}
 26985 | Swamp:3  | Identified the +5 scale mail of the Chupacabra {Stlth+}
 27080 | Swamp:3  | Received a gift from Trog
 27139 | Swamp:3  | Paralysed by a fenstrider witch for 5 turns
 27143 | Swamp:3  | HP: 3/168 [bunyip (22)]
 27143 | Swamp:3  | Mangled by a fenstrider witch

Illustrated notes

Levels and vault maps discovered:
D:1:      shiori_shiawase, layout_loops_ring
D:2:      layout_basic
D:3:      layout_loops_ring
D:4:      layout_loops_corners, mainiacjoe_overflow_surrounded_room,
          nicolae_overflow_squiral, serial_glass, glass_columns_a,
          glass_columns_a, glass_columns_a, glass_columns_b, glass_columns_b,
          uniq_natasha
D:5:      layout_rooms, mainiacjoe_overflow_catwalk, uniq_pikel
D:6:      layout_rooms, serial_glass, glass_columns_c, glass_columns_a,
          nicolae_stop_n_shop_1
D:7:      layout_gridville, minmay_temple_entry_slanted
D:8:      layout_basic, chequers_ossuary_entry_cave, enter_bailey_3,
          gammafunk_ghost_smash, minivault_4
D:9:      layout_long_grid, david_lair_shrubbed, erik_orc_2, uniq_harold
D:10:     layout_long_grid, serial_rivers, chequers_serial_rivers_micro_c,
          chequers_serial_rivers_small_b, chequers_serial_rivers_small_b,
          chequers_serial_rivers_micro_a, chequers_serial_rivers_micro_d,
          grunt_decor_clamped, chequers_serial_rivers_marsh,
          minmay_lindwurm_lava
D:11:     layout_cave_pools, serial_shops, nicolae_inconvenience_store,
          uniq_lodul
D:12:     layout_gridville, ploomutoo_gammafunk_ghost_potion_laboratory,
          nicolae_fountain_basement, uniq_frances
D:13:     wad_river_or_something, layout_basic
Lair:1:   layout_roguey, serial_bayou_shore_a, uniq_amaemon, uniq_erica
Lair:2:   layout_loops_ring, minmay_snake_entry_six_corridors
Lair:3:   layout_long_grid, swamp_mist, st_stairs_10, hangedman_tree_tricks,
          roderic_carrion_pond
Lair:4:   layout_cave_shapes, portal_ice_cave_entry_imps, serial_bayou_shore_b
Lair:5:   due_jungle_book, layout_small_grid, minmay_slime_entry_pillars,
          basic_altar, grunt_megastairs_1
Swamp:1:  layout_basic_swamp, nicolae_swamp_godswood, swamp_pool3,
          infiniplex_staircase_pool
Swamp:2:  nicolae_swamp_tree_isthmus, layout_basic_swamp,
          evilmike_swamp_ruin_house_1, swamp_pool2
Swamp:3:  layout_basic_swamp, serial_swamp_ruin, evilmike_swamp_ruin_house_5,
          evilmike_swamp_ruin_house_6, nicolae_swamp_little_tower, uniq_mara
Snake:1:  gammafunk_sealed_library, layout_chambers, nicolae_shop_clearance
Orc:1:    layout_diamond_mine, basic_altar, led_sif_book
Orc:2:    grunt_orc_gardens, layout_caves, grunt_orc_garden, grunt_orc_garden,
          grunt_orc_garden, grunt_orc_garden, gammafunk_ghost_berserking_beasts
Elf:1:    elf_arrival_002, layout_onion_city, minmay_elf_necromancy

Skill      XL: |  1  2  3  4  5  6  7  8  9 10 11 12 13 14 15 16 |
---------------+-------------------------------------------------+-----
Axes           | 4 5 6 8 11 14 17 18 | 18.0
Fighting       | 6 9 12 13 15 19 21 | 21.6
Armour         | 5 9 12 14 15 16 17 | 17.0
Dodging        | 5 7 9 10 11 12 | 12.4
Shields        | 3 6 10 13 | 13.6

Action                     |  1- 3 |  4- 6 |  7- 9 | 10-12 | 13-15 | 16-18 || total
---------------------------+-------+-------+-------+-------+-------+-------++-------
  Melee: Hand axe          |    88 |       |       |    32 |       |       ||   120
         Headbutt          |    18 |    10 |    36 |    93 |   210 |    39 ||   406
         War axe           |     1 |    76 |   154 |       |       |       ||   231
         Battleaxe         |       |       |    31 |   375 |       |       ||   406
         Punch             |       |       |       |     2 |       |       ||     2
         Broad axe         |       |       |       |    27 |   791 |   190 ||  1008
         Bite              |       |       |       |     3 |   125 |    31 ||   159
         Demon whip        |       |       |       |       |    41 |       ||    41
 Invoke: Berserk           |     1 |     1 |     4 |    15 |     7 |     1 ||    29
    Use: Scroll            |       |       |       |    12 |     9 |     4 ||    25
         Potion            |       |       |       |     4 |     2 |       ||     6
   Stab: Distracted        |       |       |       |       |     7 |     4 ||    11
 Armour: Animal skin       |     5 |       |       |       |       |       ||     5
         Plate armour      |    36 |    47 |    85 |   195 |   409 |   119 ||   891
  Dodge: Dodged            |    31 |    30 |    74 |   134 |   219 |    44 ||   532
  Block: Buckler           |       |       |       |     3 |    52 |       ||    55
         Kite shield       |       |       |       |       |   184 |    90 ||   274

Table legend: (Time is in decaauts)
 A = Elapsed time spent in this place.
 B = Non-inter-level travel time spent in this place.
 C = Inter-level travel time spent in this place.
 D = Time resting spent in this place.
 E = Time spent auto-exploring this place.
 F = Levels seen in this place.
 G = Mean time per level.
                   A        B        C        D        E       F      G
               +--------+--------+--------+--------+--------+-----+--------+
         Total |  27171 |  25170 |   2001 |      0 |  20877 |  27 | 1006.3 |
       Dungeon |  12093 |  11237 |    856 |      0 |   9339 |  13 |  930.2 |
          Lair |   6240 |   5899 |    341 |      0 |   4918 |   5 | 1248.0 |
         Swamp |   2302 |   2156 |    146 |      0 |   1851 |   3 |  767.3 |
     Snake Pit |   1899 |   1678 |    221 |      0 |   1411 |   1 | 1899.0 |
  Orcish Mines |   2362 |   2078 |    284 |      0 |   1794 |   2 | 1181.0 |
   Elven Halls |   1187 |   1037 |    150 |      0 |    859 |   1 | 1187.0 |
       Ossuary |    347 |    347 |      0 |      0 |    233 |   1 |  347.0 |
      Ice Cave |    738 |    738 |      0 |      0 |    471 |   1 |  738.0 |
               +--------+--------+--------+--------+--------+-----+--------+

Top non-repeatable levels by time:
   Orc:2: 1983 daAuts
 Snake:1: 1899 daAuts
     D:8: 1747 daAuts
  Lair:5: 1624 daAuts
  Lair:3: 1519 daAuts
  Lair:1: 1500 daAuts
     D:9: 1460 daAuts
     D:7: 1224 daAuts
    D:12: 1193 daAuts
   Elf:1: 1187 daAuts
 Swamp:2: 1112 daAuts
    D:10: 1110 daAuts
  Lair:2: 1078 daAuts
    D:11: 913 daAuts
     D:1: 912 daAuts
